 Dungeon Crawl Stone Soup version 0.32-a0-675-gdc239d62e1 (webtiles) character file.

Game seed: 243018414174638873

4 crimsonchili123 the Conjurer (level 1, 0/14 HPs)
             Began as a Draconian Conjurer on Mar 11, 2024.
             Slain by a rat (2 damage)
             ... on level 1 of the Dungeon.
             The game lasted 00:01:21 (454 turns).

crimsonchili123 the Conjurer (Draconian Conjurer)    Turns: 454, Time: 00:01:21

Health: 0/14       AC:  4    Str:  9    XL:     1   Next: 50%
Magic:  3/3        EV: 12    Int: 18    God:
Gold:   13         SH:  0    Dex:  9    Spells: 3/4 levels left

rFire   . . .        d - +0 short sword
rCold   . . .        (no shield)
rNeg    . . .        (body armour unavailable)
rPois   .            (helmet restricted)
rElec   .            (no cloak)
rCorr   .            (no gloves)
SInv    .            (no boots)
Will    .....        (no amulet)
Stlth   ++           (no ring)
HPRegen 0.22/turn    (no ring)
MPRegen 0.08/turn

%: no passive effects
@: no status effects
A: AC +4, unfitting armour, cold-blooded
a: no special abilities


You were on level 1 of the Dungeon.
You visited 1 branch of the dungeon, and saw 1 of its levels.

You collected 13 gold pieces.

Inventory:

Hand Weapons
 d - a +0 short sword (weapon)
Missiles
 b - 16 stones
Armour
 c - an orb of light
Potions
 a - a potion of magic
 e - a potion of cancellation {unknown}


   Skills:
 + Level 1.7 Dodging
 + Level 1.7 Stealth
 + Level 2.0 Spellcasting
 + Level 4.2 Conjurations


You had 3 spell levels left.
You knew the following spells:

 Your Spells              Type           Power      Damage    Failure   Level
a - Magic Dart            Conj           68%        1d6       3%          1

Your spell library contained the following spells:

 Spells                   Type           Power      Damage    Failure   Level
 Searing Ray              Conj           34%        2d5       4%          2
 Fulminant Prism          Conj/Alch      4%         3d5       58%         4
 Iskenderun's Mystic Bla  Conj/Tloc      9%         2d4       58%         4


Dungeon Overview and Level Annotations

Branches:
Dungeon (1/15)

Altars:


Innate Abilities, Weirdness & Mutations

Your plain brown scales are hard. (AC +4)
You cannot fit into any form of body armour.
You are cold-blooded and may be slowed by cold attacks.


Message History

The bat closely misses you. The hobgoblin barely misses you. The rat bites you.
* * * LOW HITPOINT WARNING * * *
You hit the hobgoblin.
The hobgoblin is moderately wounded.
The bat hits you.
* * * LOW HITPOINT WARNING * * *
The rat misses you. The hobgoblin closely misses you.
You closely miss the hobgoblin.
The hobgoblin is moderately wounded.
The bat misses you. The bat closely misses you.
The hobgoblin barely misses you. The rat closely misses you.
You barely miss the hobgoblin.
The hobgoblin is moderately wounded.
The bat hits you but does no damage. The hobgoblin barely misses you.
The rat closely misses you.
You barely miss the hobgoblin.
You tail-slap the hobgoblin, but do no damage.
The hobgoblin is lightly wounded.
The bat closely misses you. The hobgoblin closely misses you.
The rat bites you.
* * * LOW HITPOINT WARNING * * *
You hit the hobgoblin but do no damage.
Your tail-slap misses the hobgoblin.
The hobgoblin is lightly wounded.
The bat barely misses you.
The hobgoblin hits you but does no damage.
The rat misses you.
You hit the hobgoblin.
The hobgoblin is severely wounded.
The bat closely misses you. The rat bites you but does no damage.
The hobgoblin hits you but does no damage.
You closely miss the hobgoblin.
The hobgoblin is severely wounded.
The bat barely misses you. The rat closely misses you.
The hobgoblin closely misses you.
You barely miss the hobgoblin.
Your tail-slap misses the hobgoblin.
The hobgoblin is severely wounded.
The bat hits you but does no damage.
The hobgoblin hits you but does no damage.
The rat bites you.
You die...

#. # #####..#
#.########......#
#..........# #..
.....bg@...# #.#
#.#####r##.###.###
#.##.......#
#.####.....######
#.# #..........#
... #.....####.##
............# #...
#...######### ####
##


You could see a hobgoblin, a bat and a rat.

Vanquished Creatures
  An endoplasm (D:1)
  2 hobgoblins (D:1)
3 creatures vanquished.

Notes
Turn   | Place    | Note
-------+----------+-------------------------------------------
     0 | D:1      | crimsonchili123 the Draconian Conjurer began the quest for
                  | the Orb.
     0 | D:1      | Reached XP level 1. HP: 14/14 MP: 3/3
   454 | D:1      | Slain by a rat

Illustrated notes

Levels and vault maps discovered:
D:1:      scummos_arrival_simple_fountains, layout_loops_ring

Action                     || total
---------------------------++-------
  Melee: Short sword       ||    39
         Unarmed           ||    23
         Tailslap          ||     7
         Punch             ||     1
 Armour: Skin              ||    46
  Dodge: Dodged            ||    73

Table legend: (Time is in decaauts)
 A = Elapsed time spent in this place.
 B = Non-inter-level travel time spent in this place.
 C = Inter-level travel time spent in this place.
 D = Time resting spent in this place.
 E = Time spent auto-exploring this place.
 F = Levels seen in this place.
 G = Mean time per level.
                   A        B        C        D        E       F      G
               +--------+--------+--------+--------+--------+-----+--------+
         Total |    455 |    437 |     18 |    259 |      0 |   1 |  455.0 |
       Dungeon |    455 |    437 |     18 |    259 |      0 |   1 |  455.0 |
               +--------+--------+--------+--------+--------+-----+--------+

Top non-repeatable levels by time:
     D:1: 455 daAuts
